Match 43795232
Unlisted

Match 43795232
End
Royal Engineer Section
Construct Section Command Post
Dingo Light Scout Car
Selects Canadian Shock Battlegroup
Infantry Section
Infantry Section
Construct Platoon Command Post
Humber Armored Car
Selects Offensive Resupply
Selects Canadian Shock Section
Grenade Package
Canadian Shock Section
Construct Company Command Post
Canadian Shock Section
Crusader II Medium Tank
Crusader II Medium Tank
Selects Incendiary Munitions
Selects Pyrotechnics
Crusader II Medium Tank
anethma
AHOIENMQ
bigcheese
我真的不是驴
0
0

Comments sign in to comment!

No comments posted yet!